 Dungeon Sprint DCSS version 0.19.1 (webtiles) character file.

4500000 loralnil the Formicid Barricade (level 27, -2/249 HPs)
             Began as a Formicid Fighter on Dec 12, 2016.
             Was the Champion of Makhleb.
             Slain by a destroyer
             ... wielding a +9 great sword of slicing
              (42 damage)
             ... in the Dungeon (Sprint VIII: "Arena of Blood").
             The game lasted 00:01:58 (45 turns).

loralnil the Formicid Barricade (Formicid Fighter)    Turns: 45, Time: 00:01:59

Health: -2/249     AC: 13    Str: 24    XL:     27
Magic:  25/54      EV: 31    Int: 10    God:    Makhleb [******]
Gold:   0          SH: 19    Dex: 18    Spells: 0 memorised, 80 levels left

rFire  . . .     SeeInvis +     k - +∞ Axe of Woe
rCold  . . .     Gourm    .     a - +0 scale mail
rNeg   . . .     Faith    .     b - +0 shield
rPois  .         Spirit   .     (helmet unavailable)
rElec  .         Reflect  .     (no cloak)
rCorr  .         Harm     .     (no gloves)
MR     ++...                    (no boots)
Stlth  ++++++++..               (no amulet)
                                (no ring)
                                (no ring)

@: no status effects
A: permanent stasis, dig shafts and tunnels, four strong arms, antennae 3
a: Dig, Minor Destruction, Lesser Servant of Makhleb, Major Destruction, Greater
Servant of Makhleb, Renounce Religion


You were in the Dungeon.
You worshipped Makhleb.
Makhleb was exalted by your worship.
You were not hungry.

You visited 1 branch

Inventory:

Hand Weapons
 k - the +∞ Axe of Woe (weapon)
   (You found it in the Dungeon)
Armour
 a - a +0 scale mail (worn)
 b - a +0 shield (worn)
Scrolls
 j - a scroll of blinking
Potions
 c - a potion of might
 e - a potion of curing
 f - a potion of heal wounds
 g - a potion of haste
 h - 2 potions of magic
 i - a potion of berserk rage
Comestibles
 d - a bread ration


   Skills:
 O Level 27 Fighting
 O Level 27 Axes
 O Level 27 Throwing
 O Level 27 Armour
 O Level 27 Dodging
 O Level 27 Stealth
 O Level 27 Shields
 O Level 27 Unarmed Combat
 O Level 27 Spellcasting
 O Level 27 Invocations


You had 80 spell levels left.
You didn't know any spells.

Dungeon Overview and Level Annotations

Branches:
Dungeon (1/1)

Altars:
Makhleb


Innate Abilities, Weirdness & Mutations

You are under a permanent stasis effect.
You can dig through walls and to a lower floor.
Your four strong arms can wield two-handed weapons with a shield.
You have a pair of large antennae on your head. (SInv)


Message History

You cleave the meat berserker in twain.
You kill the meat berserker!
Makhleb accepts your kill.
You carve the destroyer like a ham!!!
You dissect the destroyer like a pig carcass.
You destroy the destroyer!
Makhleb accepts your kill.
You hear a shout! x2
The corpses begin to drag themselves along the ground!
The tyrant gestures wildly while chanting.
You hear a shout! 2 orcs, an ogre, 2 crawling corpses and a vampire knight come into view.
The destroyer is wielding a +9 great sword of slicing.
Unknown command.
A large bag of meat comes into view. It is wielding a +9 giant spiked club.
The bag of meat shouts!
You hear a shout! x4
The destroyer hits you with a +9 great sword of slicing!!!!!
Ouch! That really hurt!
* * * LOW HITPOINT WARNING * * *
You die...

#### V=. #### .....
...###
.##.##.#####......
.......§..%.......
....##.##.X..%X....
..%......zV.@..X....
......%.#.#)VxLX..#..
.........%oOXx..o###
..........%§.§)xo....
#........XCx)§.ooo...
........))§)....oOooo
.......%§§§.....O...V
.#..%)%.§#......ooC .
#.§§....#........


You could see a tyrant, 4 destroyers, a sculptor of flesh, 2 large bags of meat,
6 large abominations, 3 meat berserkers, 2 small abominations, 12 bags of meat
and 2 crawling corpses.

Vanquished Creatures
  5 vampire knights (D)
  13 ogres (D)
  32 orcs (D)
  4 hill giants (D)
  A skeletal warrior (D)
  4 small abominations (D)
  A crawling corpse (D)
60 creatures vanquished.

Notes
Turn   | Place    | Note
-------+----------+-------------------------------------------
     0 | D        | loralnil the Formicid Fighter began the quest for the Orb.
     0 | D        | Reached XP level 1. HP: 18/18 MP: 1/1
     2 | D        | Noticed a meat berserker
     3 | D        | Became a worshipper of Makhleb the Destroyer
     5 | D        | Killed a meat berserker
     5 | D        | Reached skill level 10 in Unarmed Combat
     5 | D        | Reached XP level 2. HP: 51/51 MP: 2/2
     5 | D        | Reached XP level 3. HP: 58/58 MP: 3/3
     5 | D        | Reached XP level 4. HP: 65/65 MP: 4/4
     5 | D        | Reached XP level 5. HP: 72/72 MP: 5/5
     5 | D        | Reached XP level 6. HP: 79/79 MP: 6/6
     5 | D        | Reached XP level 7. HP: 85/85 MP: 7/7
     5 | D        | Reached XP level 8. HP: 93/93 MP: 8/8
     5 | D        | Reached XP level 9. HP: 99/99 MP: 9/9
     5 | D        | Reached XP level 10. HP: 107/107 MP: 10/10
     5 | D        | Reached XP level 11. HP: 113/113 MP: 11/11
     5 | D        | Reached XP level 12. HP: 120/120 MP: 12/12
     5 | D        | Reached XP level 13. HP: 127/127 MP: 13/13
     6 | D        | Noticed a meat berserker
     6 | D        | Noticed a bag of meat
     6 | D        | Noticed a bag of meat
     7 | D        | Noticed a bag of meat
     8 | D        | Noticed a meat berserker
     8 | D        | Killed a meat berserker
     8 | D        | Reached * piety under Makhleb
     8 | D        | Reached XP level 14. HP: 141/141 MP: 14/14
     8 | D        | Reached XP level 15. HP: 148/148 MP: 15/15
    10 | D        | Noticed a meat berserker
    10 | D        | Killed a meat berserker
    10 | D        | Reached XP level 16. HP: 159/159 MP: 16/16
    11 | D        | Reached skill level 10 in Axes
    12 | D        | Reached ** piety under Makhleb
    12 | D        | Reached skill level 27 in Shields
    12 | D        | Reached skill level 27 in Fighting
    12 | D        | Reached skill level 27 in Armour
    12 | D        | Reached skill level 15 in Unarmed Combat
    12 | D        | Reached XP level 17. HP: 174/174 MP: 17/17
    13 | D        | Killed a meat berserker
    13 | D        | Reached XP level 18. HP: 142/182 MP: 18/18
    15 | D        | Noticed a large bag of meat
    16 | D        | Noticed a meat berserker
    16 | D        | Reached *** piety under Makhleb
    17 | D        | Reached skill level 27 in Axes
    17 | D        | Reached XP level 19. HP: 189/189 MP: 19/19
    18 | D        | Reached **** piety under Makhleb
    19 | D        | Reached skill level 27 in Unarmed Combat
    19 | D        | Reached XP level 20. HP: 197/197 MP: 19/29
    21 | D        | Reached ***** piety under Makhleb
    21 | D        | Killed a meat berserker
    21 | D        | Reached skill level 15 in Invocations
    21 | D        | Reached XP level 21. HP: 204/204 MP: 19/39
    22 | D        | Killed a large bag of meat
    22 | D        | Reached skill level 15 in Throwing
    22 | D        | Reached skill level 15 in Spellcasting
    22 | D        | Reached skill level 15 in Dodging
    23 | D        | Noticed a meat berserker
    24 | D        | Noticed a large bag of meat
    24 | D        | Noticed a large bag of meat
    24 | D        | Noticed a large bag of meat
    24 | D        | Noticed a meat berserker
    25 | D        | Noticed a meat berserker
    26 | D        | Noticed a destroyer
    26 | D        | Reached XP level 22. HP: 212/212 MP: 20/44
    26 | D        | Reached skill level 27 in Stealth
    26 | D        | Reached ****** piety under Makhleb
    28 | D        | Reached XP level 23. HP: 219/219 MP: 21/47
    28 | D        | Reached skill level 27 in Dodging
    29 | D        | Noticed a destroyer
    29 | D        | Reached skill level 27 in Invocations
    29 | D        | Reached XP level 24. HP: 227/227 MP: 21/51
    30 | D        | Noticed a destroyer
    30 | D        | Reached skill level 27 in Throwing
    30 | D        | Reached skill level 27 in Spellcasting
    31 | D        | Reached XP level 25. HP: 188/234 MP: 21/54
    33 | D        | Killed a destroyer
    33 | D        | Reached XP level 26. HP: 242/242 MP: 22/54
    33 | D        | Killed a destroyer
    34 | D        | Noticed a destroyer
    34 | D        | Noticed a destroyer
    35 | D        | Noticed a destroyer
    35 | D        | Reached XP level 27. HP: 249/249 MP: 22/54
    38 | D        | Noticed a destroyer
    39 | D        | Killed a destroyer
    41 | D        | Killed a destroyer
    43 | D        | Noticed a tyrant
    44 | D        | Killed a destroyer
    45 | D        | Noticed a destroyer
    45 | D        | Slain by a destroyer

Skill      XL: |  1  2  3  4  5  6  7  8  9 10 11 12 13 14 15 16 17 18 19 20 21 22 23 24 |
---------------+-------------------------------------------------------------------------+-----
Fighting       | 19 22 24 27 | 27.0
Axes           | 4 6 8 14 20 27 | 27.0
Armour         | 19 22 24 27 | 27.0
Shields        | 20 23 26 27 | 27.0
Unarmed Combat | 10 11 12 15 18 24 27 | 27.0
Throwing       | 6 14 18 20 24 27 | 27.0
Dodging        | 6 13 16 24 27 | 27.0
Stealth        | 8 18 26 27 | 27.0
Spellcasting   | 6 14 18 20 24 27 | 27.0
Invocations    | 8 16 20 23 27 | 27.0

Action                   |  1- 3 |  4- 6 |  7- 9 | 10-12 | 13-15 | 16-18 | 19-21 | 22-24 | 25-27 || total
-------------------------+-------+-------+-------+-------+-------+-------+-------+-------+-------++-------
Melee: Executioner's axe |     1 |       |       |       |     2 |     5 |     6 |     4 |     8 ||    26
Dodge: Dodged            |       |       |       |       |       |       |     1 |     1 |       ||     2
Block: Shield            |       |       |       |       |     1 |       |       |       |     2 ||     3
